 Dungeon Crawl Stone Soup version 0.28-a0-1074-g3cb2360906 (webtiles) character file.

Game seed: 16148511815127223773

4520 jnfegvk the Covert (level 10, -4/48 HPs)
             Began as a Spriggan Enchanter on Dec 9, 2021.
             Was a Believer of Dithmenos.
             Slain by a two-headed ogre (17 damage)
             ... on level 10 of the Dungeon.
             The game lasted 00:32:20 (14265 turns).

jnfegvk the Covert (Spriggan Enchanter)            Turns: 14265, Time: 00:32:21

Health: -4/48      AC:  3    Str:  8    XL:     10   Next: 17%
Magic:  8/25       EV: 19    Int: 23    God:    Dithmenos [**....]
Gold:   973        SH:  0    Dex: 16    Spells: 21/29 levels left

rFire   . . .      SeeInvis +   w - +1 dagger (protect)
rCold   + + .      Faith    .   (shield restricted)
rNeg    . . .      Spirit   .   b - +0 robe {rC+}
rPois   .          Reflect  .   (helmet restricted)
rElec   .          Harm     .   s - +0 cloak
rCorr   .          Rampage  .   (gloves unavailable)
Will    +....      Rage     1%  (boots unavailable)
Stlth   +++++++...              (no amulet)
HPRegen 0.96/turn               j - +6 ring of intelligence
MPRegen 0.19/turn               g - ring of protection from cold

@: wreathed by umbra, very quick
A: very small, no large weapons, unfitting armour, see invisible, speed 3, horns
1, berserk 1, regeneration 1, evolution 1
a: Renounce Religion, Shadow Step


You were on level 10 of the Dungeon.
You worshipped Dithmenos.
Dithmenos was pleased with you.
You visited 2 branches of the dungeon, and saw 12 of its levels.
You also visited: Bailey.

You collected 973 gold pieces.

Inventory:

Hand Weapons
 a - a +1 dagger of flaming
 u - a +2 short sword
 w - a +1 dagger of protection (weapon)
Missiles
 f - 65 poisoned darts (quivered)
 i - 6 atropa-tipped darts
 q - 3 throwing nets
Armour
 b - a +0 robe of cold resistance (worn)
 s - a +0 cloak (worn)
Jewellery
 g - a ring of protection from cold (right hand)
 j - a +6 ring of intelligence (left hand)
Wands
 d - a wand of charming (8)
 k - a wand of digging (6)
Scrolls
 e - 3 scrolls of immolation
 l - 2 scrolls of identify
 r - a scroll of amnesia
 v - a scroll of silence
Potions
 c - a potion of resistance
 h - 3 potions of curing
 m - a potion of heal wounds
 o - a potion of cancellation
 p - a potion of flight
 x - a potion of brilliance


   Skills:
 + Level 2.8 Fighting
 + Level 3.9 Short Blades
 + Level 5.5 Dodging
 + Level 12.0 Stealth
 + Level 10.0 Spellcasting
 + Level 10.3 Hexes


You had 21 spell levels left.
You knew the following spells:

 Your Spells              Type           Power      Damage    Failure   Level
a - Ensorcelled Hibernat  Hex/Ice        70%        N/A       1%          2
b - Tukima's Dance        Hex            56%        N/A       1%          3
c - Dazzling Flash        Conj/Hex       70%        N/A       1%          3

Your spell library contained the following spells:

 Spells                   Type           Power      Damage    Failure   Level
 Confusing Touch          Hex            56%        N/A       1%          3
 Corpse Rot               Necr/Air       22%        N/A       9%          2
 Poisonous Vapours        Pois/Air       22%        N/A       9%          2


Dungeon Overview and Level Annotations

Branches:
Dungeon (11/15)            Temple (1/1) D:5          Bailey (visited)
   Lair: D:8-11         Orc: D:9-12

Altars:
Ashenzari
Cheibriados
Dithmenos
Fedhas
Gozag
Hepliaklqana
Kikubaaqudgha
Makhleb
Nemelex Xobeh
Okawaru
Qazlal
Ru
Sif Muna
Trog
Uskayaw
Vehumet
Wu Jian
Xom
Yredelemnul
Zin

Annotations:
D:2 exclusion: door, Terence
D:10 exclusion: 2 oklob plants


Innate Abilities, Weirdness & Mutations

You are very small and have problems with some larger weapons.
You are too small for most types of armour.
You have supernaturally acute eyesight. (SInv)
You cover ground extremely quickly. (Speed+++)
You have a pair of small horns on your head.
You tend to lose your temper in combat.
Your natural rate of healing is unusually fast.
You have hidden genetic potential.


Message History

Unknown command.
Casting: Tukima's Dance (safe; 1% risk of failure)
Confirm with . or Enter, or press ? or * to list all spells.
Aiming: Tukima's Dance (safe; 1% risk of failure)
Press: ? - help, Shift-Dir - straight line, f/p - two-headed ogre
Aim: a two-headed ogre, wielding a +0 giant club and a +0 dire flail (umbra, chance to affect: 59%)
Okay, then.
Casting: Tukima's Dance (safe; 1% risk of failure)
Confirm with . or Enter, or press ? or * to list all spells.
Aiming: Tukima's Dance (safe; 1% risk of failure)
Press: ? - help, Shift-Dir - straight line, f/p - two-headed ogre
Aim: a two-headed ogre, wielding a +0 giant club and a +0 dire flail (umbra, chance to affect: 59%)
Okay, then.
Casting: Tukima's Dance (safe; 1% risk of failure)
Confirm with . or Enter, or press ? or * to list all spells.
Aiming: Tukima's Dance (safe; 1% risk of failure)
Press: ? - help, Shift-Dir - straight line, f/p - two-headed ogre
Aim: a two-headed ogre, wielding a +0 giant club and a +0 dire flail (umbra, chance to affect: 59%)
The two-headed ogre resists with significant effort.
Unknown command.
Casting: Tukima's Dance (safe; 1% risk of failure)
Confirm with . or Enter, or press ? or * to list all spells.
Aiming: Tukima's Dance (safe; 1% risk of failure)
Press: ? - help, Shift-Dir - straight line, f/p - two-headed ogre
Aim: a two-headed ogre, wielding a +0 giant club and a +0 dire flail (umbra, chance to affect: 59%)
The two-headed ogre resists with significant effort.
The two-headed ogre barely misses you.
The two-headed ogre hits you with a +0 dire flail!
Casting: Tukima's Dance (safe; 1% risk of failure)
Confirm with . or Enter, or press ? or * to list all spells.
Aiming: Tukima's Dance (safe; 1% risk of failure)
Press: ? - help, Shift-Dir - straight line, f/p - two-headed ogre
Aim: a two-headed ogre, wielding a +0 giant club and a +0 dire flail (umbra, chance to affect: 59%)
The two-headed ogre resists with significant effort.
You see here a +0 short sword.
The two-headed ogre hits you with a +0 giant club!!
Ouch! That really hurt!
* * * LOW HITPOINT WARNING * * *
The two-headed ogre hits you with a +0 dire flail!
You die...

#............#.....'........
..
+............'.#####........
.. #............###
#.<......
.....###'##########
######### ..... #........#
..... ########.# ..... #.##
P.... #..# .....
#########@##
.....###..†....O..#
.......)..........#
......##..........#
.....###..<.......#
..................#
.....############## ..O..
....#


You could see a two-headed ogre.

Vanquished Creatures
  A boulder beetle (D:11)
  A wyvern (D:8)
  A wraith (D:7)
  Grum (D:10)
  An acid dragon (D:10)
  A water moccasin (D:5)
  Duvessa (D:7)
  3 orc warriors
  2 ice beasts
  A sky beast (D:5)
  2 wolves (D:10)
  2 necrophages
  A black bear (D:8)
  A centaur (D:10)
  A kobold brigand (D:8)
  2 bullfrogs
  A wyvern zombie (D:6)
  2 scorpions
  A water moccasin skeleton (D:5)
  Dowan (D:7)
  3 howler monkeys (D:8)
  A wight (D:6)
  3 orc priests
  A bullfrog zombie (D:6)
  4 hounds
  A jelly (D:4)
  Crazy Yiuf (D:5)
  A centaur skeleton (D:5)
  2 iguanas (D:5)
  Natasha (twice) (D:4)
  6 orc wizards
  A killer bee zombie (D:7)
  A howler monkey zombie (D:5)
  4 gnolls
  3 adders
  A white imp (D:7)
  3 worms
  A dart slug (D:5)
  39 orcs
  5 ball pythons
  6 endoplasms
  4 giant cockroaches
  5 goblins
  5 hobgoblins
  2 jackals (D:2)
  4 quokkas
  8 bats
  3 frilled lizards
  26 kobolds
  5 rats
178 creatures vanquished.

Vanquished Creatures (collateral kills)
  3 orc warriors (Bailey)
  A centaur (D:8)
  A gnoll sergeant (D:10)
  2 wights (D:6)
  Natasha (D:4)
  An orc wizard (D:7)
  3 gnolls
  5 orcs
  5 goblins (Bailey)
22 creatures vanquished.

Vanquished Creatures (others)
  6 dancing weapons
  An orc warrior (Bailey)
  An orc (D:9)
  6 plants (D:1)
14 creatures vanquished.

Grand Total: 214 creatures vanquished

Notes
Turn   | Place    | Note
-------+----------+-------------------------------------------
     0 | D:1      | jnfegvk the Spriggan Enchanter began the quest for the Orb.
     0 | D:1      | Reached XP level 1. HP: 9/9 MP: 5/5
   703 | D:1      | Reached XP level 2. HP: 12/13 MP: 7/7
   706 | D:1      | Learned a level 2 spell: Ensorcelled Hibernation
  1690 | D:1      | Found a faded altar of an unknown god.
  2288 | D:2      | Reached XP level 3. HP: 9/16 MP: 9/9
  2450 | D:2      | Noticed Terence
  2456 | D:2      | Learned a level 3 spell: Tukima's Dance
  2460 | D:2      | Learned a level 3 spell: Dazzling Flash
  3644 | D:3      | Found a hazy altar of Hepliaklqana.
  3646 | D:3      | Found a shimmering altar of Xom.
  3646 | D:3      | Found a bloodstained altar of Trog.
  3646 | D:3      | Found an ancient bone altar of Kikubaaqudgha.
  3659 | D:3      | Found a shimmering blue altar of Sif Muna.
  3659 | D:3      | Found a radiant altar of Vehumet.
  3802 | D:3      | Found an ornate altar of the Wu Jian Council.
  3881 | D:3      | Reached skill level 5 in Hexes
  3881 | D:3      | Reached XP level 4. HP: 10/21 MP: 1/11
  4777 | D:4      | Reached XP level 5. HP: 24/24 MP: 13/13
  4799 | D:4      | Found a blossoming altar of Fedhas.
  4841 | D:4      | Reached skill level 5 in Spellcasting
  4888 | D:4      | Noticed Natasha
  4906 | D:4      | Killed Natasha
  5162 | D:5      | Entered Level 5 of the Dungeon
  5408 | D:4      | Noticed Natasha
  5559 | D:5      | Reached skill level 5 in Stealth
  5762 | D:4      | Killed Natasha
  5763 | D:4      | Reached XP level 6. HP: 21/28 MP: 11/15
  5822 | D:4      | Noticed Natasha
  5832 | D:4      | Killed Natasha
  6080 | D:5      | Found a sparkling altar of Nemelex Xobeh.
  6160 | D:5      | Reached skill level 6 in Stealth
  7063 | D:5      | Noticed a water moccasin
  7114 | D:5      | Killed a water moccasin
  7115 | D:5      | Reached XP level 7. HP: 27/32 MP: 14/17
  7375 | D:5      | Reached skill level 7 in Stealth
  7504 | D:5      | Found a runed translucent door.
  7505 | D:5      | Noticed Crazy Yiuf
  7512 | D:5      | Killed Crazy Yiuf
  7790 | D:5      | Found a staircase to the Ecumenical Temple.
  7800 | Temple   | Entered the Ecumenical Temple
  7828 | Temple   | Became a worshipper of Dithmenos the Shadowed
  8122 | D:6      | Reached skill level 8 in Stealth
  8489 | D:6      | Reached XP level 8. HP: 36/36 MP: 20/20
  8664 | D:6      | Reached skill level 9 in Stealth
  9818 | D:7      | Noticed Dowan
  9822 | D:7      | Reached * piety under Dithmenos
  9830 | D:7      | Noticed Duvessa
  9835 | D:7      | Killed Duvessa
  9836 | D:7      | Reached skill level 10 in Stealth
  9844 | D:7      | Killed Dowan
 10546 | D:7      | Found a glowing silver altar of Zin.
 10546 | D:7      | Noticed an angel
 10581 | D:7      | Reached XP level 9. HP: 39/39 MP: 19/23
 11460 | D:8      | Reached skill level 1 in Fighting
 11557 | D:8      | Reached skill level 11 in Stealth
 11737 | D:8      | Found an iron altar of Okawaru.
 11827 | D:8      | Found a snail-covered altar of Cheibriados.
 12470 | D:9      | Gained mutation: You tend to lose your temper in combat.
                  | [potion of mutation]
 12470 | D:9      | Gained mutation: You have a pair of small horns on your
                  | head. [potion of mutation]
 12470 | D:9      | Gained mutation: Your natural rate of healing is unusually
                  | fast. [potion of mutation]
 12470 | D:9      | Gained mutation: You have hidden genetic potential. [potion
                  | of mutation]
 12511 | D:9      | Noticed a komodo dragon
 12512 | D:9      | You fall into a shaft and drop 2 floors!
 12558 | D:11     | Noticed a boulder beetle
 12565 | D:11     | Killed a boulder beetle
 12565 | D:11     | Reached ** piety under Dithmenos
 12566 | D:11     | Reached skill level 10 in Hexes
 12637 | D:10     | Entered Level 10 of the Dungeon
 12758 | D:9      | Found a burning altar of Makhleb.
 12780 | D:9      | Noticed a two-headed ogre
 12780 | D:9      | Noticed a troll
 12795 | D:9      | Found a flagged portal.
 12804 | Bailey   | Entered a bailey
 13106 | Bailey   | Reached skill level 5 in Dodging
 13186 | Bailey   | Reached XP level 10. HP: 32/47 MP: 12/24
 13310 | Bailey   | Identified the +7 scythe of the Eight Towns {freeze,
                  | Will+++ Str-5 SInv Stlth+}
 13326 | Bailey   | Identified the +10 glaive "Dasy" {venom, *Rage rElec rF+
                  | rN+}
 13961 | D:10     | Noticed Grum
 13977 | D:10     | Killed Grum
 13980 | D:10     | Reached skill level 10 in Spellcasting
 14144 | D:10     | Noticed an oklob plant
 14144 | D:10     | Noticed an oklob plant
 14226 | D:10     | Reached skill level 12 in Stealth
 14232 | D:10     | Noticed a two-headed ogre
 14265 | D:10     | Slain by a two-headed ogre

Illustrated notes

Levels and vault maps discovered:
D:1:      enne_arrival_octagon_isle, layout_loops_corners,
          shapermc_ecumenical_altar_totnotflames, chequers_big_river
D:2:      layout_basic, uniq_terence
D:3:      layout_rooms, old_standard_altar, minmay_overflow_temple_hex
D:4:      nicolae_cairo_tiling, layout_rooms, kennysheep_mini_moat, uniq_natasha
D:5:      layout_rooms, mainiacjoe_overflow_tiny_flanked,
          minmay_temple_entry_poolview, minmay_misc_feat_x,
          uniq_crazy_yiuf_cottage
D:6:      layout_basic
D:7:      layout_loops_ring, zin_angel, st_stairs_1, uniq_duvessa
D:8:      layout_basic, kennysheep_little_box, cheibrodos_worm_habitat,
          kb_lookout_dungeons_type
D:9:      layout_roguey, overflow_temple_1_default, erik_lair_dragon,
          enter_bailey_6, hex_large
D:10:     layout_roguey, disabler_island, uniq_grum
D:11:     layout_basic, uniq_nergalle
Temple:   jpeg_temple_island

Skill      XL: |  1  2  3  4  5  6  7  8  9 10 |
---------------+-------------------------------+-----
Spellcasting   | 3 4 5 6 7 9 10 | 10.0
Hexes          | 4 5 6 7 9 10 | 10.3
Stealth        | 5 6 8 10 11 12 | 12.0
Dodging        | 5 |  5.5
Fighting       | 2 |  2.8
Short Blades   | 3 |  3.9

Action                   |  1- 3 |  4- 6 |  7- 9 | 10-12 || total
-------------------------+-------+-------+-------+-------++-------
Melee: Dagger            |   188 |   137 |   415 |    30 ||   770
       Headbutt          |       |       |    13 |     1 ||    14
Throw: Dart              |     6 |       |       |       ||     6
 Cast: Ensorcelled Hiber |    13 |    26 |    65 |    22 ||   126
       Tukima's Dance    |       |     2 |    17 |     9 ||    28
       Dazzling Flash    |       |       |    11 |       ||    11
Evoke: Wand              |       |       |     4 |       ||     4
  Use: Potion            |     1 |     1 |    11 |     1 ||    14
       Scroll            |     6 |     6 |     8 |     1 ||    21
 Stab: Sleeping          |    16 |    19 |    59 |    10 ||   104
       Invisible         |       |       |     7 |       ||     7
Armor: Robe              |    18 |    21 |    65 |     3 ||   107
Dodge: Dodged            |   158 |   132 |   348 |    48 ||   686

Table legend: (Time is in decaauts)
 A = Elapsed time spent in this place.
 B = Non-inter-level travel time spent in this place.
 C = Inter-level travel time spent in this place.
 D = Time resting spent in this place.
 E = Time spent auto-exploring this place.
 F = Levels seen in this place.
 G = Mean time per level.
                   A        B        C        D        E       F      G
               +--------+--------+--------+--------+--------+-----+--------+
         Total |  11691 |  11489 |    202 |   3565 |   5767 |  13 |  899.3 |
       Dungeon |  11179 |  10992 |    187 |   3314 |   5754 |  11 | 1016.3 |
        Temple |     32 |     18 |     14 |      0 |     12 |   1 |   32.0 |
        Bailey |    479 |    479 |      0 |    251 |      0 |   1 |  479.0 |
               +--------+--------+--------+--------+--------+-----+--------+

Top non-repeatable levels by time:
     D:5: 1681 daAuts
     D:1: 1656 daAuts
     D:8: 1368 daAuts
     D:7: 1289 daAuts
     D:2: 1261 daAuts
     D:4: 1175 daAuts
     D:6: 1024 daAuts
     D:3: 758 daAuts
    D:10: 755 daAuts
  Bailey: 479 daAuts
     D:9: 128 daAuts
    D:11: 80 daAuts
  Temple: 32 daAuts
